 Dungeon Crawl Stone Soup version 0.26-a0-639-g72c4674329 (webtiles) character file.

Game seed: 3565626818454248996

166 DogServant the Conjurer (level 5, 38/38 HPs)
             Began as a Draconian Conjurer on Sept 19, 2020.
             Quit the game on level 4 of the Dungeon.
             The game lasted 00:09:52 (3902 turns).

DogServant the Conjurer (Draconian Conjurer)        Turns: 3902, Time: 00:09:53

Health: 38/38      AC:  5    Str: 10    XL:     5   Next: 22%
Magic:  10/10      EV:  8    Int: 19    God:
Gold:   107        SH:  0    Dex:  9    Spells: 1/11 levels left

rFire    . . .     SeeInvis .   e - +0 dagger
rCold    . . .     Faith    .   (no shield)
rNeg     . . .     Spirit   .   (armour unavailable)
rPois    .         Reflect  .   (helmet restricted)
rElec    .         Harm     .   (no cloak)
rCorr    .         Rampage  .   (no gloves)
MR       .....                  (no boots)
Stlth    ++........             i - amulet of magic regeneration
HPRegen  0.12/turn              f - -4 ring of evasion (curse)
MPRegen  0.37/turn              (no ring)

@: no status effects
A: unfitting armour, cold-blooded, AC +5
a: no special abilities


You were on level 4 of the Dungeon.
You visited 1 branch of the dungeon, and saw 4 of its levels.

You collected 107 gold pieces.

Inventory:

Hand Weapons
 e - a +0 dagger (weapon)
Jewellery
 f - a cursed -4 ring of evasion (left hand)
 i - an amulet of magic regeneration (around neck)
 j - a cursed ring of attention {unknown}
Scrolls
 h - 2 scrolls of remove curse
 l - a scroll of identify {unknown}
 m - 4 scrolls of amnesia {unknown}
 n - a scroll of noise {unknown}
Potions
 a - a potion of stabbing {unknown}
 b - a potion of lignification {unknown}
 c - a potion of curing {unknown}
 d - a potion of haste {unknown}
 g - 2 potions of might {unknown}
 k - a potion of magic {unknown}


   Skills:
 - Level 2.0 Dodging
 - Level 2.0 Stealth
 + Level 3.7 Spellcasting
 + Level 5.3 Conjurations


You had one spell level left.
You knew the following spells:

 Your Spells              Type           Power        Failure   Level
a - Magic Dart            Conj           ###.         1%          1
b - Searing Ray           Conj           ###...       2%          2
c - Tukima's Dance        Hex            #.......     38%         3
d - Fulminant Prism       Conj/Hex       ##........   43%         4

Your spell library contained the following spells:

 Spells                   Type           Power        Failure   Level
 Corona                   Hex            #......      14%         1
 Dazzling Flash           Conj/Hex       ##....       14%         3
 Ensorcelled Hibernation  Hex/Ice        #.....       22%         2
 Confusing Touch          Hex            #.......     38%         3
 Iskenderun's Mystic Bla  Conj/Tloc      ##......     43%         4


Dungeon Overview and Level Annotations

Branches:
Dungeon (4/15)
 Temple: D:4-7

Altars:
Nemelex Xobeh
Sif Muna
Trog

Annotations:
D:3 Grinder


Innate Abilities, Weirdness & Mutations

Your plain brown scales are hard. (AC +5)
You cannot fit into any form of body armour.
You are cold-blooded and may be slowed by cold attacks.


Message History

Confirm with . or Enter, or press ? or * to list all spells.
Aiming: Searing Ray (safe; 2% risk of failure)
Press: ? - help, Shift-Dir - straight line, f - kobold
Aim: a kobold, wielding a +0 whip The searing ray hits the kobold.
You kill the kobold! (Press . to maintain the ray.) Unknown command.
There is a stone staircase leading down here.
You climb downwards.
Found 2 smoky silvery potions and a short sword.
There is a stone staircase leading up here.
Are you sure you want to abandon this character and quit the game? (Confirm with "yes".)
Okay, then.
Unknown command.
Unknown command.
Unknown command.
Unknown command.
Unknown command.
Are you sure you want to abandon this character and quit the game? (Confirm with "yes".)

### ..
.#
#####.#
#.<@..#
#.#####
#! #.
#. #)
#. ..


There were no monsters in sight!

Vanquished Creatures
  A worker ant (D:3)
  5 adders (D:2)
  An ooze (D:2)
  5 worms
  A dart slug (D:2)
  2 ball pythons
  5 giant cockroaches
  6 hobgoblins
  7 jackals
  8 kobolds
  A quokka (D:2)
  7 bats
  5 frilled lizards
  13 goblins
  9 rats
76 creatures vanquished.

Notes
Turn   | Place    | Note
-------+----------+-------------------------------------------
     0 | D:1      | DogServant the Draconian Conjurer began the quest for the
                  | Orb.
     0 | D:1      | Reached XP level 1. HP: 14/14 MP: 3/3
   358 | D:1      | Reached XP level 2. HP: 20/20 MP: 3/5
   660 | D:1      | Learned a level 2 spell: Searing Ray
  1283 | D:2      | Reached XP level 3. HP: 25/26 MP: 2/7
  1347 | D:2      | Found a faded altar of an unknown god.
  2108 | D:2      | Reached XP level 4. HP: 33/33 MP: 5/8
  2717 | D:2      | Found a shimmering blue altar of Sif Muna.
  2747 | D:2      | Found a bloodstained altar of Trog.
  2749 | D:2      | Found a sparkling altar of Nemelex Xobeh.
  2873 | D:2      | Reached skill level 5 in Conjurations
  3143 | D:3      | Noticed Grinder
  3160 | D:3      | Paralysed by Grinder for 5 turns
  3485 | D:3      | Reached XP level 5. HP: 27/38 MP: 2/10
  3713 | D:3      | Learned a level 3 spell: Tukima's Dance
  3718 | D:3      | Learned a level 4 spell: Fulminant Prism
  3902 | D:4      | Quit the game

Illustrated notes

Levels and vault maps discovered:
D:1:      ncdulo_lavacross, layout_loops_ring, st_stairs_7
D:2:      layout_loops_corners, nicolae_overflow_hidden_temple,
          lemuel_doored_altar, chequers_ecumenical_altar_simple, minivault_25,
          minmay_quantized
D:3:      layout_rooms, uniq_grinder
D:4:      layout_loops_cross, chequers_temple_overflow_minitemple,
          gammafunk_ghost_abyssal_escape, uniq_ijyb, uniq_pikel, uniq_menkaure

Skill      XL: |  1  2  3  4 |
---------------+-------------+-----
Dodging        | 2 |  2.0
Stealth        | 2 |  2.0
Spellcasting   | 3 |  3.7
Conjurations   | 5 |  5.3

Action                   |  1- 3 |  4- 6 || total
-------------------------+-------+-------++-------
Melee: Unarmed           |     1 |       ||     1
       Dagger            |    19 |    10 ||    29
       Tailslap          |     5 |     1 ||     6
 Cast: Magic Dart        |    51 |     4 ||    55
       Searing Ray       |     5 |    38 ||    43
  Use: Scroll            |     1 |       ||     1
Armor: Skin              |    12 |    41 ||    53
Dodge: Dodged            |    30 |    34 ||    64

Table legend: (Time is in decaauts)
 A = Elapsed time spent in this place.
 B = Non-inter-level travel time spent in this place.
 C = Inter-level travel time spent in this place.
 D = Time resting spent in this place.
 E = Time spent auto-exploring this place.
 F = Levels seen in this place.
 G = Mean time per level.
                   A        B        C        D        E       F      G
               +--------+--------+--------+--------+--------+-----+--------+
         Total |   3900 |   3739 |    161 |    836 |   2375 |   4 |  975.0 |
       Dungeon |   3900 |   3739 |    161 |    836 |   2375 |   4 |  975.0 |
               +--------+--------+--------+--------+--------+-----+--------+

Top non-repeatable levels by time:
     D:2: 1970 daAuts
     D:1: 1057 daAuts
     D:3: 869 daAuts
     D:4: 3 daAuts
